Map: Protocollo centrale

Players

Jhyrachy

  • Race: Zerg Zerg
  • League: Silver

Morramir - Winner!

  • Race: Protoss Protoss

VOD

Have the link to the VOD?

Description

Time

  • Played on: Dec. 6, 2015, 3:08 p.m.
  • Length: 6:39
Show
View Real Time Build Order
Export as new Build Order

Jhyrachy Zerg 

Build Orders: Hatch First 

Get SALT Encoding   

  12  0:02  Drone  
  13  0:10  Drone  
  14  0:17  Overlord  
  14  0:36  Drone  
  14  0:37  Drone  
  16  0:53  Drone  
  16  0:56  Hatchery  
  16  1:00  Extractor, Drone  
  16  1:03  Drone  
  17  1:17  Spawning Pool  
  16  1:27  Drone  
  16  1:29  Drone  
  18  1:36  Overlord  
  18  1:43  Drone  
  19  1:57  Drone  
  20  2:05  Metabolic Boost  
  20  2:14  Queen x2  
  24  2:15  Zergling x2  
  24  2:16  Zergling x2  
  26  2:33  Drone x2  
  26  2:36  Zergling x4  
  30  2:38  Overlord  
  30  3:14  Drone x4  
  34  3:49  Queen  
  36  3:56  Hatchery  
  36  3:58  Extractor  
  36  3:59  Drone x3  
  36  4:01  Drone x3  
  40  4:09  Zergling x8  
  44  4:11  Overlord x2  
  44  4:31  Lair  
  44  4:44  Drone  
  44  4:45  Drone x3  
  48  4:46  Zergling x2  
  48  4:47  Zergling x14  
  56  5:13  Overlord x2  
  55  5:19  Zergling x2  
  55  5:20  Zergling x2  
  57  5:34  Zergling x16  
  49  5:51  Zergling x2  
  49  5:52  Zergling x18  
  56  6:02  Zergling x4  
  48  6:08  Zergling x2  
  48  6:09  Zergling x2  
  31  6:22  Zergling x2  
Show
View Real Time Build Order
Export as new Build Order

Morramir Protoss - Winner!

Build Orders:  

Get SALT Encoding   

  12  0:12  Pylon  
  12  0:15  Probe (Chrono Boost)  
  13  0:25  Probe (Chrono Boost)  
  14  0:35  Gateway  
  14  0:37  Probe (Chrono Boost)  
  15  0:47  Probe (Chrono Boost)  
  15  0:48  Pylon  
  16  1:02  Gateway  
  16  1:13  Assimilator  
  16  1:16  Probe (Chrono Boost)  
  17  1:27  Cybernetics Core, Probe (Chrono Boost)  
  18  1:34  Zealot  
  18  1:37  Probe (Chrono Boost)  
  21  1:49  Zealot  
  23  1:55  Assimilator  
  23  1:58  Probe (Chrono Boost)  
  24  2:03  Warp Gate (Chrono Boost)  
  24  2:09  Probe (Chrono Boost)  
  24  2:12  Adept  
  27  2:19  Probe (Chrono Boost)  
  28  2:30  Probe  
  29  2:37  Stalker  
  31  2:46  Pylon x2  
  31  2:48  Gateway  
  31  3:04  Stalker  
  33  3:07  Adept  
  35  3:21  Robotics Facility  
  35  3:34  Zealot  
  37  3:43  Gateway x2  
  37  3:47  Pylon  
  36  4:05  Adept  
  36  4:06  Stalker  
  40  4:16  Immortal (Chrono Boost)  
  44  4:38  Stalker x2  
  46  4:39  Zealot  
  46  4:45  Zealot  
  52  4:52  Zealot  
  54  5:25  Pylon  
  54  5:26  Pylon  
  54  5:28  Pylon  
  54  5:43  Mothership Core  
  48  6:15  Zealot  
  48  6:16  Zealot x4  
  58  6:31  Nexus  
Tags
 
Add a new tag
Caveats
  • Supply blocks, unpowered buildings, or Contaminate may cause inaccurate times.
  • Supply counts are checked every 10 seconds.